 Dungeon Crawl Stone Soup version 0.19.5 (webtiles) character file.

198 equalderp2856 the Skirmisher (level 5, 0/41 HPs)
             Began as a Mummy Fighter on Mar 30, 2017.
             Slain by Sigmund
             ... wielding a +2 vampiric scythe
              (10 damage)
             ... on level 3 of the Dungeon.
             The game lasted 00:03:40 (3076 turns).

equalderp2856 the Skirmisher (Mummy Fighter)        Turns: 3076, Time: 00:03:42

Health: 0/41       AC:  6    Str: 20    XL:     5   Next: 47%
Magic:  5/5        EV:  7    Int:  7    God:
Gold:   95         SH:  9    Dex: 12    Spells: 0 memorised, 4 levels left

rFire  x . .     SeeInvis .     a - +0 long sword
rCold  + . .     Gourm    .     b - +0 scale mail
rNeg   + + +     Faith    .     c - +0 shield
rPois  ∞         Spirit   .     (no helmet)
rElec  .         Reflect  .     (no cloak)
rCorr  .         Harm     .     (no gloves)
MR     .....                    (no boots)
Stlth  ..........               (no amulet)
                                (no ring)
                                (no ring)

@: no status effects
A: no food or potions, fire vulnerability, cold resistance 1, negative energy
resistance 3, torment resistance, unbreathing
a: no special abilities


You were on level 3 of the Dungeon.
You were not hungry.

You visited 1 branch of the dungeon, and saw 3 of its levels.

You collected 95 gold pieces.

Inventory:

Hand Weapons
 a - a +0 long sword (weapon)
Missiles
 g - 19 arrows
Armour
 b - a +0 scale mail (worn)
 c - a +0 shield (worn)
Scrolls
 d - 2 scrolls of fog {unknown}
 e - a scroll of remove curse {unknown}
 f - 2 scrolls of identify {unknown}
 h - a scroll of amnesia {unknown}
 i - a scroll of teleportation {unknown}
 j - a scroll of immolation {unknown}


   Skills:
 + Level 3.6 Fighting
 + Level 2.9 Long Blades
 + Level 3.4 Armour
 + Level 0.8 Dodging
 + Level 3.1 Shields


You had 4 spell levels left.
You didn't know any spells.

Dungeon Overview and Level Annotations

Branches:
Dungeon (3/15)

Altars:
Makhleb
Nemelex Xobeh
Xom

Annotations:
D:3 Sigmund


Innate Abilities, Weirdness & Mutations

You do not eat or drink.
Your flesh is vulnerable to fire.
You are immune to poison.
Your flesh is cold resistant. (rC+)
You are immune to negative energy. (rN+++)
You are immune to unholy pain and torment.
You can survive without breathing.


Message History

Sigmund is lightly wounded.
You closely miss Sigmund.
Sigmund is lightly wounded.
Sigmund closely misses you.
Your shield and scale mail prevent you from hitting Sigmund.
Sigmund is lightly wounded.
Sigmund hits you with a vampiric scythe!
You closely miss Sigmund.
Sigmund is lightly wounded.
Sigmund casts a spell at you. You resist with some effort.
You slash Sigmund!
Sigmund is heavily wounded.
Sigmund casts a spell.
Sigmund flickers and vanishes!
Deactivating autopickup; reactivate with Ctrl-A.
Something hits you.
* * * LOW HITPOINT WARNING * * *
Something hits you!
You die...

.....#
..###...########....##
...#..# ##
##.#........†.##..#
....#.#
#..##########..%..##
........#####..#
###....##
...............#
###...#
........######.# ##..#
......#. #.# #..#
...........###.#####
#).# ....
.........@..# #)..
.......{....# ##..
###.........# ##.
########### #. #. #.
#. #. #.


There were no monsters in sight!

Vanquished Creatures
  An orc wizard (D:3)
  10 adders
  A worm (D:2)
  A dart slug (D:2)
  5 leopard geckos
  3 orcs
  2 ball pythons
  8 bats
  4 giant cockroaches
  9 goblins
  7 hobgoblins
  4 jackals
  7 kobolds
  4 rats
66 creatures vanquished.

Notes
Turn   | Place    | Note
-------+----------+-------------------------------------------
     0 | D:1      | equalderp2856 the Mummy Fighter began the quest for the Orb.
     0 | D:1      | Reached XP level 1. HP: 18/18 MP: 1/1
   169 | D:1      | Reached XP level 2. HP: 24/24 MP: 2/2
   926 | D:2      | Reached XP level 3. HP: 22/29 MP: 3/3
  1454 | D:2      | Found a sparkling altar of Nemelex Xobeh.
  1698 | D:2      | Reached XP level 4. HP: 28/35 MP: 4/4
  1943 | D:2      | Found a shimmering altar of Xom.
  2326 | D:2      | Found a burning altar of Makhleb.
  2616 | D:3      | Found a faded altar of an unknown god.
  2662 | D:3      | Reached XP level 5. HP: 28/41 MP: 5/5
  3066 | D:3      | Noticed Sigmund
  3076 | D:3      | Slain by Sigmund

Skill      XL: |  1  2  3  4  5 |
---------------+----------------+-----
Long Blades    | 2 |  2.9
Armour         | 3 |  3.4
Shields        | 3 |  3.1
Fighting       | |  3.6
Dodging        | |  0.8

Action                   |  1- 3 |  4- 6 || total
-------------------------+-------+-------++-------
Melee: Long sword        |   152 |   113 ||   265
Armor: Scale mail        |    78 |    51 ||   129
Dodge: Dodged            |    62 |    46 ||   108
Block: Shield            |    91 |    67 ||   158
       Rpst.: Long sword |     9 |    15 ||    24
